 Dungeon Crawl Stone Soup version 0.19.0-11-g3fc08b3 (webtiles) character file.

3501 Bluestream the Cleaver (level 10, -5/95 HPs)
             Began as a Hill Orc Fighter on Nov 8, 2016.
             Was a Follower of Beogh.
             Slain by an 11-headed hydra (9 damage)
             ... on level 8 of the Dungeon.
             The game lasted 00:16:04 (7046 turns).

Bluestream the Cleaver (Hill Orc Fighter)           Turns: 7046, Time: 00:16:04

Health: -5/95      AC: 14    Str: 22    XL:     10   Next: 7%
Magic:  10/10      EV:  4    Int:  8    God:    Beogh [*.....]
Gold:   430        SH:  9    Dex: 11    Spells: 0 memorised, 9 levels left

rFire  . . .     SeeInvis .     O - +1 hand axe (curse)
rCold  . . .     Gourm    .     L - +1 plate armour
rNeg   . . .     Faith    .     c - +0 shield
rPois  .         Spirit   .     (no helmet)
rElec  .         Reflect  .     J - +0 cloak
rCorr  +         Harm     .     (no gloves)
MR     .....                    y - +0 pair of boots
Stlth  ..........               (no amulet)
                                (no ring)
                                z - ring of resist corrosion

@: no status effects
A: no striking features
a: Renounce Religion


You were on level 8 of the Dungeon.
You worshipped Beogh.
Beogh was aware of your devotion.
You were not hungry.

You visited 1 branch of the dungeon, and saw 8 of its levels.

You collected 430 gold pieces.

Inventory:

Hand Weapons
 a - a +0 war axe
 u - a +2 hand axe of flaming
 x - a +0 war axe
 A - a +0 hand axe
 E - a +1 hand axe of venom
 O - a cursed +1 hand axe (weapon)
Armour
 b - a +0 scale mail
 c - a +0 shield (worn)
 h - a +0 ring mail
 y - a +0 pair of boots (worn)
 G - a +0 scale mail
 J - a +0 cloak (worn)
 L - a +1 plate armour (worn)
Jewellery
 z - a ring of resist corrosion (left hand)
Wands
 v - a wand of disintegration (18/24)
 C - a wand of slowing (12/48)
 D - a wand of random effects (25/48)
 M - a wand of enslavement (14/24)
Scrolls
 i - 8 scrolls of teleportation
 j - 5 scrolls of random uselessness
 l - 3 scrolls of enchant armour
 o - a scroll of fear
 r - a scroll of identify
 t - a scroll of fog
Potions
 d - 3 potions of might
 e - 3 potions of mutation
 g - a potion of resistance
 k - 2 potions of curing
 m - a potion of flight {unknown}
 q - a potion of berserk rage {unknown}
 s - 2 potions of haste {unknown}
 w - a potion of cure mutation {unknown}
 B - a potion of degeneration {unknown}
 F - 2 potions of cancellation {unknown}
 I - a potion of brilliance {unknown}
Books
 K - a book of Misfortune

   Spells                             Type                      Level
   a - Confusing Touch                Hexes                        1
   b - Confuse                        Hexes                        3
   c - Gell's Gravitas                Hexes/Translocation          3
   d - Petrify                        Transmutation/Earth          4
   e - Metabolic Englaciation         Hexes/Ice                    5
   f - Yara's Violent Unravelling     Hexes/Transmutation          5
Comestibles
 f - 5 bread rations
 n - 7 meat rations
 p - 12 fruits
 H - 8 slices of pizza


   Skills:
 + Level 11.0 Fighting
 + Level 13.8 Axes
 - Level 3.2 Armour
 - Level 3.2 Shields


You had 9 spell levels left.
You didn't know any spells.

Dungeon Overview and Level Annotations

Branches:
Dungeon (8/15)             Temple (0/1) D:6
   Lair: D:8-11

Altars:
Gozag
Hepliaklqana
Qazlal
Ru
Sif Muna
Trog
Uskayaw
Vehumet
Yredelemnul
The Shining One

Shops:
D:3 *   D:4 =

Annotations:
D:3 Blork the orc


Message History

You hit the plant. You block the 11-headed hydra's attack.
The 11-headed hydra completely misses you.
The 11-headed hydra bites you!
* * * LOW HITPOINT WARNING * * *
You block the 11-headed hydra's attack.
The 11-headed hydra bites you but does no damage. x2
The 11-headed hydra bites you.
* * * LOW HITPOINT WARNING * * *
The 11-headed hydra bites you but does no damage.
The 11-headed hydra bites you!
* * * LOW HITPOINT WARNING * * *
The 11-headed hydra bites you.
* * * LOW HITPOINT WARNING * * *
The 11-headed hydra bites you but does no damage.
The 11-headed hydra bites you but does no damage.
The 11-headed hydra bites you.
* * * LOW HITPOINT WARNING * * *
The 11-headed hydra bites you but does no damage. x2
The 11-headed hydra bites you!
You die...

..≈≈≈...#### ####.#
≈...≈≈≈(...# ..#
≈≈..;≈≈..##########
#..
.≈..≈....#.....+%.#
###.
≈≈≈≈≈....#.)...#.)#
.#
.≈≈≈...#.##'''###'#
.
≈≈≈≈≈#.###.....P≈K#
## #≈≈≈##.#
#..P..≈DP# #.$...%#
#.....P@≈# #####..#
#......≈P#
.......###.≈.).≈PP#
#####....####.#####
.####..###.##(#
.......###.##(###.#
#####.....).......#
######.)..#####
######


You could see a 11-headed hydra and a big kobold.

Vanquished Creatures
  2 dream sheep (D:8)
  2 yaks (D:8)
  A wyvern (D:8)
  Grum (D:8)
  3 sky beasts
  4 ice beasts
  A hornet zombie (D:6)
  3 phantoms
  2 wolves (D:8)
  2 centaurs (D:7)
  2 big kobolds (D:8)
  4 bullfrogs
  A scorpion (D:7)
  3 wights (D:7)
  A crimson imp (D:6)
  3 hounds
  A quasit (D:5)
  A jelly (D:8)
  A centaur skeleton (D:4)
  5 worker ants
  Natasha (thrice) (D:3)
  An orc wizard (D:7)
  2 hound skeletons
  A howler monkey zombie (D:7)
  2 worker ant zombies (D:5)
  3 gnolls (D:5)
  A howler monkey skeleton (D:8)
  2 adders
  A hound simulacrum (D:8)
  A shadow imp (D:7)
  A white imp (D:5)
  An ufetubus (D:8)
  2 adder skeletons (D:6)
  2 worms
  An adder simulacrum (D:8)
  2 leopard geckos (D:3)
  13 orcs
  3 ball pythons
  4 giant cockroaches
  4 goblins
  5 hobgoblins
  10 jackals
  5 kobolds
  5 quokkas
  4 bats
  2 frilled lizards (D:2)
  A goblin zombie (D:5)
  3 hobgoblin zombies (D:5)
  A jackal skeleton (D:6)
  A kobold skeleton (D:5)
  2 kobold zombies (D:5)
  2 orc skeletons (D:5)
  2 orc zombies (D:5)
  A quokka simulacrum (D:8)
  6 rats
143 creatures vanquished.

Vanquished Creatures (others)
  2 orc priests (D:7)
2 creatures vanquished.

Grand Total: 145 creatures vanquished

Notes
Turn   | Place    | Note
-------+----------+-------------------------------------------
     0 | D:1      | Bluestream the Hill Orc Fighter began the quest for the Orb.
     0 | D:1      | Reached XP level 1. HP: 19/19 MP: 1/1
    18 | D:1      | Reached skill level 3 in Axes
    62 | D:1      | Reached XP level 2. HP: 13/26 MP: 2/2
    66 | D:1      | Reached skill level 4 in Axes
   704 | D:2      | Reached XP level 3. HP: 28/31 MP: 3/3
   712 | D:2      | Found a stormy altar of Qazlal.
   731 | D:2      | Found a sacrificial altar of Ru.
   880 | D:2      | Found a basalt altar of Yredelemnul.
   880 | D:2      | Found a hazy altar of Hepliaklqana.
  1026 | D:2      | Found a hide-covered altar of Uskayaw.
  1276 | D:2      | Reached skill level 5 in Axes
  1750 | D:3      | Found a bloodstained altar of Trog.
  1808 | D:3      | Noticed Natasha
  1820 | D:3      | Killed Natasha
  1820 | D:3      | Reached XP level 4. HP: 35/39 MP: 4/4
  1881 | D:3      | Found Gozag's Platinum Reserve.
  1966 | D:3      | Reached skill level 6 in Axes
  2002 | D:3      | Found an opulent altar of Gozag.
  2025 | D:3      | Noticed Blork the orc
  2031 | D:3      | Found a deep blue altar of Sif Muna.
  2216 | D:3      | Noticed Natasha
  2232 | D:3      | Killed Natasha
  2232 | D:3      | Reached XP level 5. HP: 15/45 MP: 5/5
  2395 | D:3      | Noticed Natasha
  2402 | D:3      | Killed Natasha
  2653 | D:4      | Reached skill level 7 in Axes
  2685 | D:4      | Found Wapsog's Jewellery Shoppe.
  2784 | D:4      | Reached skill level 8 in Axes
  2784 | D:4      | Reached XP level 6. HP: 46/51 MP: 6/6
  2912 | D:4      | Found a bloodstained altar of Trog.
  3102 | D:5      | Entered Level 5 of the Dungeon
  3120 | D:5      | Noticed an ice beast
  3133 | D:5      | Killed an ice beast
  3245 | D:5      | Noticed an ice beast
  3263 | D:5      | Killed an ice beast
  3263 | D:5      | Reached skill level 9 in Axes
  3263 | D:5      | Reached XP level 7. HP: 34/60 MP: 7/7
  3430 | D:5      | Reached skill level 5 in Fighting
  3654 | D:5      | Found a glowing golden altar of the Shining One.
  4330 | D:6      | Reached skill level 10 in Axes
  4331 | D:6      | Reached XP level 8. HP: 27/70 MP: 8/8
  5022 | D:6      | Found a staircase to the Ecumenical Temple.
  5046 | D:6      | Reached skill level 11 in Axes
  5286 | D:7      | Became a worshipper of Beogh the Brigand
  5504 | D:7      | Found a radiant altar of Vehumet.
  5710 | D:7      | Reached XP level 9. HP: 74/82 MP: 9/9
  5901 | D:7      | Reached skill level 12 in Axes
  6299 | D:8      | Noticed Grum
  6324 | D:8      | Reached * piety under Beogh
  6356 | D:8      | Killed Grum
  6356 | D:8      | Reached skill level 10 in Fighting
  6593 | D:8      | Reached skill level 13 in Axes
  6771 | D:8      | Reached XP level 10. HP: 40/95 MP: 10/10
  7031 | D:8      | Noticed a two-headed hydra
  7046 | D:8      | HP: 4/95 [11-headed hydra (3)]
  7046 | D:8      | Slain by an 11-headed hydra

Skill      XL: |  1  2  3  4  5  6  7  8  9 |
---------------+----------------------------+-----
Axes           | 3 4 5 6 8 9 10 11 13 | 13.8
Fighting       | 4 6 8 11 | 11.0
Armour         | |  3.2
Shields        | |  3.2

Action                   |  1- 3 |  4- 6 |  7- 9 | 10-12 || total
-------------------------+-------+-------+-------+-------++-------
Melee: War axe           |    99 |   156 |    27 |       ||   282
       Hand axe          |       |       |   479 |    27 ||   506
Invok: Convert to Beogh  |       |       |     1 |       ||     1
  Use: Scroll            |       |       |    13 |     1 ||    14
       Potion            |       |       |     3 |       ||     3
  Eat: Chunk             |     1 |     7 |     9 |     1 ||    18
       Fruit             |       |       |     3 |       ||     3
Armor: Scale mail        |    50 |    82 |   112 |       ||   244
       Plate armour      |       |       |   136 |    36 ||   172
Dodge: Dodged            |    30 |    47 |    83 |     4 ||   164
Block: Shield            |    53 |    57 |   162 |    17 ||   289
